 Dungeon Crawl Stone Soup version 0.28-a0-1518-gbe868bca14 (webtiles) character file.

Game seed: 10450613251696928398

92 ytrimaz the Insei (level 4, -8/28 HPs)
             Began as an Octopode Transmuter on Jan 17, 2022.
             Mangled by a worm (9 damage)
             ... on level 3 of the Dungeon.
             The game lasted 00:04:10 (3470 turns).

ytrimaz the Insei (Octopode Transmuter)             Turns: 3470, Time: 00:04:11

Health: -8/28      AC:  1    Str:  9    XL:     4   Next: 60%
Magic:  1/8        EV: 13    Int: 17    God:
Gold:   133        SH:  0    Dex: 12    Spells: 2/8 levels left

rFire   . . .      SeeInvis .     - Unarmed
rCold   . . .      Faith    .   (no shield)
rNeg    . . .      Spirit   .   (helmet currently unavailable)
rPois   .          Reflect  .   (no amulet)
rElec   .          Harm     .   (no ring)
rCorr   .          Rampage  .   (no ring)
Will    .....                   (no ring)
Stlth   ++........              (no ring)
HPRegen 0.09/turn               (no ring)
MPRegen 0.11/turn               (no ring)
                                (no ring)
                                (no ring)

@: appendages (expiring), wereblooded
A: tentacle spike 3, almost no armour, amphibious, 8 rings, camouflage 1,
gelatinous body 1, (nimble swimmer 1), tentacles
a: End Transformation


You were on level 3 of the Dungeon.
One of your tentacles had grown a beastly spike.
You visited 1 branch of the dungeon, and saw 3 of its levels.

You collected 133 gold pieces.

Inventory:

Jewellery
 e - a ring of flight
Scrolls
 b - a scroll of noise
 d - 2 scrolls of fog
Potions
 c - 2 potions of curing {unknown}


   Skills:
 * Level 1.6 Fighting
 * Level 2.5 Dodging
 + Level 3.5 Unarmed Combat
 * Level 2.8 Spellcasting
 * Level 2.6 Transmutations
 * Level 1.1 Poison Magic


You had 2 spell levels left.
You knew the following spells:

 Your Spells              Type           Power      Damage    Failure   Level
a - Beastly Appendage     Tmut           22%        N/A       6%          1
b - Wereblood             Tmut           11%        N/A       9%          2
c - Spider Form           Tmut/Pois      8%         N/A       24%         3

Your spell library contained the following spells:

 Spells                   Type           Power      Damage    Failure   Level
 Magic Dart               Conj           8%         1d3       19%         1
 Poisonous Vapours        Pois/Air       8%         N/A       22%         2
 Call Imp                 Summ           2%         N/A       26%         2
 Corpse Rot               Necr/Air       4%         N/A       26%         2
 Mephitic Cloud           Conj/Pois/Air  3%         N/A       43%         3
 Ice Form                 Ice/Tmut       6%         N/A       71%         4


Dungeon Overview and Level Annotations

Branches:
Dungeon (3/15)

Altars:
Xom

Annotations:
D:2 exclusion: scorpion


Innate Abilities, Weirdness & Mutations

One of your tentacles has grown a beastly spike.
You cannot wear most types of armour.
You are amphibious.
You can wear up to eight rings at the same time.
Your skin changes colour to match your surroundings (Stealth+).
Your rubbery body absorbs attacks. (AC +1, EV +1)
((You are camouflaged when in or above water. (Stealth+)))
You have tentacles for arms and can constrict up to eight enemies at once.


Message History

You tentacle-slap the quokka but do no damage.
Your grab misses the quokka.
You pierce the quokka.
You squeeze the quokka.
The quokka is almost dead.
The quokka barely misses you.
There is an open door here.
The quokka closely misses you.
You closely miss the quokka. You grab the quokka.
You pierce the quokka.
You kill the quokka!
You tentacle-slap the orc but do no damage.
Your grab misses the orc. The orc hits you with a +0 club.
You tentacle-slap the orc but do no damage.
You grab the orc.
You pierce the orc.
The orc is severely wounded.
You constrict the orc, but do no damage.
The orc hits you with a +0 club.
You tentacle-slap the orc.
You kill the orc!
Casting: Spider Form (quite dangerous; 26% risk of failure)
Confirm with . or Enter, or press ? or * to list all spells.
Your blood is infused with primal strength.
The orc closely misses you.
Unknown command.
You tentacle-slap the orc. You grab the orc.
You pierce the orc.
The orc is almost dead.
You constrict the orc.
You feel a bit better.
You kill the orc!
The worm bites you!
The orc hits you from afar with a +0 trident!
* * * LOW HITPOINT WARNING * * *
Your magical contamination has completely faded away.
There is an open door here.
Items here: ( )) [[ †††.
You barely miss the worm. You grab the worm.
You pierce the worm, but do no damage.
Your transformation is almost over.
You constrict the worm.
The orc hits you from afar with a +0 trident.
* * * LOW HITPOINT WARNING * * *
The worm bites you!
You die...

# #.....[....##....
. #
#...............§
#.......PPPP..≈≈≈
#..............§.
#..........####§
#......)...#
#..........#####.#.
#..................
#########@#######..
#w# #o# ... o...#
.....# ......#
.......# ........#


You could see a worm and an orc.

Vanquished Creatures
  2 adders
  A worm (D:2)
  A dart slug (D:2)
  2 orcs (D:3)
  7 ball pythons
  4 bats
  5 endoplasms
  3 giant cockroaches (D:1)
  5 goblins
  8 hobgoblins
  4 jackals (D:2)
  3 quokkas
  4 frilled lizards
  4 kobolds
  8 rats
61 creatures vanquished.

Notes
Turn   | Place    | Note
-------+----------+-------------------------------------------
     0 | D:1      | ytrimaz the Octopode Transmuter began the quest for the
                  | Orb.
     0 | D:1      | Reached XP level 1. HP: 13/13 MP: 3/3
   292 | D:1      | Reached XP level 2. HP: 14/18 MP: 3/5
   381 | D:1      | Learned a level 2 spell: Wereblood
   763 | D:1      | Found a faded altar of an unknown god.
   837 | D:1      | Reached XP level 3. HP: 9/23 MP: 4/6
   846 | D:1      | Learned a level 3 spell: Spider Form
  1688 | D:2      | Noticed a scorpion
  2132 | D:2      | Reached XP level 4. HP: 19/28 MP: 5/7
  2706 | D:2      | Found a shimmering altar of Xom.
  2881 | D:2      | Identified the +7 mace of Xuawias {vorpal, rN+++ rCorr SInv
                  | Stlth-}
  3280 | D:3      | Reached skill level 1 in Poison Magic
  3470 | D:3      | HP: 1/28 [orc (2)]
  3470 | D:3      | Mangled by a worm

Illustrated notes

Levels and vault maps discovered:
D:1:      dpeg_arrival_arbitrary_c, layout_basic,
          shapermc_ecumenical_altar_ellora, minivault_5
D:2:      layout_basic, basic_altar
D:3:      layout_basic, mainiacjoe_overflow_boulevard

Skill      XL: |  1  2  3  4 |
---------------+-------------+-----
Poison Magic   | 1 |  1.1
Fighting       | |  1.6
Dodging        | |  2.5
Unarmed Combat | |  3.5
Spellcasting   | |  2.8
Transmutations | |  2.6

Action                   |  1- 3 |  4- 6 || total
-------------------------+-------+-------++-------
Melee: Unarmed           |   101 |    36 ||   137
       Constrict         |    27 |    12 ||    39
       Kick              |    23 |    14 ||    37
       Tentacles         |    16 |     7 ||    23
       Punch             |     7 |     4 ||    11
 Cast: Beastly Appendage |    25 |    11 ||    36
       Wereblood         |     2 |     1 ||     3
  Use: Scroll            |       |     3 ||     3
 Stab: Sleeping          |     4 |     1 ||     5
Armor: Skin              |     4 |     2 ||     6
Dodge: Dodged            |    62 |    24 ||    86

Table legend: (Time is in decaauts)
 A = Elapsed time spent in this place.
 B = Non-inter-level travel time spent in this place.
 C = Inter-level travel time spent in this place.
 D = Time resting spent in this place.
 E = Time spent auto-exploring this place.
 F = Levels seen in this place.
 G = Mean time per level.
                   A        B        C        D        E       F      G
               +--------+--------+--------+--------+--------+-----+--------+
         Total |   3462 |   3319 |    143 |    243 |   2569 |   3 | 1154.0 |
       Dungeon |   3462 |   3319 |    143 |    243 |   2569 |   3 | 1154.0 |
               +--------+--------+--------+--------+--------+-----+--------+

Top non-repeatable levels by time:
     D:1: 1885 daAuts
     D:2: 1313 daAuts
     D:3: 263 daAuts
